 Dungeon Crawl Stone Soup version 0.31-a0-983-g7b6862f502 (webtiles) character file.

Game seed: 17674459533861917616

314 Vomitron the Conjurer (level 6, -1/36 HPs)
             Began as an Octopode Conjurer on Nov 2, 2023.
             Was a Follower of Makhleb.
             Slain by a shadow imp (5 damage)
             ... summoned by Eustachio
             ... on level 4 of the Dungeon.
             The game lasted 00:05:24 (3641 turns).

Vomitron the Conjurer (Octopode Conjurer)           Turns: 3641, Time: 00:05:25

Health: -1/36      AC:  1    Str:  6      XL:     6   Next: 43%
Magic:  3/11       EV: 13    Int: 22      God:    Makhleb [*.....]
Gold:   153        SH:  0    Dex:  8 (11) Spells: 3/11 levels left

rFire   + . .        k - +0 scimitar
rCold   + . .        (no shield)
rNeg    . . .        (helmet restricted)
rPois   .            (no amulet)
rElec   .            m - ring of protection from fire
rCorr   .            j - ring of protection from cold
SInv    .            (no ring)
Will    .....        (no ring)
Stlth   ++++         (no ring)
HPRegen 0.26/turn    (no ring)
MPRegen 0.12/turn    (no ring)
                     (no ring)

%: no passive effects
@: no status effects
A: almost no armour, amphibious, 8 rings, camouflage 1, gelatinous body 1,
(nimble swimmer 1), tentacles
a: Renounce Religion


You were on level 4 of the Dungeon.
You worshipped Makhleb.
Makhleb was aware of your devotion.
You visited 1 branch of the dungeon, and saw 4 of its levels.
You also visited: Sewer.

You collected 153 gold pieces.

Inventory:

Hand Weapons
 c - a +0 mace
 k - a +0 scimitar (weapon)
Missiles
 b - a throwing net
Jewellery
 j - a ring of protection from cold (right tentacle)
 m - a ring of protection from fire (left tentacle)
Wands
 f - a wand of mindburst (14)
Scrolls
 e - 2 scrolls of revelation {unknown}
 g - 3 scrolls of enchant armour {unknown}
 h - 2 scrolls of enchant weapon {unknown}
 l - a scroll of noise {unknown}
 r - a scroll of immolation {unknown}
Potions
 a - 2 potions of magic
 d - a potion of degeneration {unknown}
 i - a potion of mutation
 n - a potion of resistance
 o - 2 potions of haste {unknown}
 p - 2 potions of brilliance {unknown}
 q - a potion of heal wounds {unknown}


   Skills:
 - Level 2.0 Dodging
 + Level 5.2 Stealth
 + Level 3.3 Spellcasting
 * Level 6.0 Conjurations
 + Level 0.5 Hexes


You had 3 spell levels left.
You knew the following spells:

 Your Spells              Type           Power      Damage    Failure   Level
a - Magic Dart            Conj           100%       1d8       1%          1
b - Searing Ray           Conj           60%        2d6       1%          2
c - Fulminant Prism       Conj/Hex       9%         3d6       30%         4
d - Shock                 Conj/Air       64%        1d7       3%          1

Your spell library contained the following spells:

 Spells                   Type           Power      Damage    Failure   Level
 Momentum Strike          Conj/Tloc      32%        3d8       5%          2
 Dazzling Flash           Conj/Hex       36%        N/A       10%         3
 Ensorcelled Hibernation  Hex/Ice        8%         N/A       16%         2
 Blink                    Tloc           6%         N/A       19%         2
 Lesser Beckoning         Tloc           6%         N/A       19%         2
 Passwall                 Tmut/Erth      2%         N/A       19%         2
 Swiftness                Air            3%         N/A       34%         3
 Iskenderun's Mystic Bla  Conj/Tloc      16%        2d5       34%         4
 Airstrike                Air            1%         2d(1-17)  75%         4


Dungeon Overview and Level Annotations

Branches:
Dungeon (4/15)              Sewer (visited)
 Temple: D:4-7

Altars:
Makhleb
Zin

Annotations:
D:4 Eustachio


Innate Abilities, Weirdness & Mutations

You cannot wear most types of armour.
You are amphibious.
You can wear up to eight rings at the same time.
Your skin changes colour to match your surroundings (Stealth+).
Your rubbery body absorbs attacks. (AC +1, EV +1)
((You are camouflaged when in or above water. (Stealth+)))
You have tentacles for arms and can constrict up to eight enemies at once.


Message History

The quasit misses you. The bat closely misses you.
Casting: Searing Ray (safe; 1% risk of failure)
Confirm with . or Enter, or press ? or * to list all spells.
Aiming: Searing Ray (safe; 1% risk of failure)
Press: ? - help, Shift-Dir - straight line, f/p - Eustachio
Aim: Eustachio, wielding a +0 falchion and wearing a +3 leather armour of willpower (moderately wounded, constricted by you, 100% to hit)
The searing ray hits Eustachio.
Eustachio is moderately wounded. (Press . to maintain the ray.)
You constrict Eustachio, but do no damage.
The bat hits you but does no damage. The bat hits you.
The bat hits you but does no damage. Eustachio hits you with a +0 falchion.
The shadow imp hits you.
* * * LOW HITPOINT WARNING * * *
The shadow imp gestures at you.
You barely resist. The quasit closely misses you. x2
The quasit barely misses you. The bat hits you but does no damage.
Unknown command.
The searing ray hits Eustachio.
Eustachio is heavily wounded.
You constrict Eustachio. The bat closely misses you.
The bat completely misses you. The quasit barely misses you.
The quasit closely misses you. The quasit barely misses you.
The shadow imp barely misses you. The shadow imp completely misses you.
Eustachio barely misses you. The bat barely misses you.
Unknown command.
Unknown command.
The searing ray hits Eustachio.
Eustachio is heavily wounded.
You constrict Eustachio, but do no damage.
The bat hits you.
* * * LOW HITPOINT WARNING * * *
The bat hits you.
* * * LOW HITPOINT WARNING * * *
The quasit misses you.
The quasit claws you but does no damage. x2
Eustachio barely misses you. The shadow imp hits you.
* * * LOW HITPOINT WARNING * * *
The shadow imp hits you.
You die...

..###########.###..####.#####
.........#.........#.....#
.........#.........#.....#
..(......#.........#.....#
...................#.....#
#+#..#........##...###..##
...#############...######
....# #b.r...# ..).# #5@b...#
...## #55@...# #### #.b....#
##ยง....# #####.# ##


You could see Eustachio, a quasit (summoned), 2 shadow imps, a quokka (summoned)
and 3 bats.

Vanquished Creatures
  Pargi (Sewer)
  An iguana (D:3)
  A sleepcap (D:4)
  7 gnolls (D:3)
  2 river rats (D:3)
  An adder (D:2)
  2 worms (D:2)
  A dart slug (D:3)
  2 orcs
  10 endoplasms
  3 giant cockroaches
  6 goblins
  7 hobgoblins
  3 jackals
  6 kobolds
  5 quokkas
  2 ball pythons (D:1)
  A frilled lizard (D:2)
  8 rats
69 creatures vanquished.

Notes
Turn   | Place    | Note
-------+----------+-------------------------------------------
     0 | D:1      | Vomitron the Octopode Conjurer began the quest for the Orb.
     0 | D:1      | Reached XP level 1. HP: 11/11 MP: 3/3
   248 | D:1      | Reached XP level 2. HP: 17/17 MP: 3/5
   891 | D:2      | Reached XP level 3. HP: 21/21 MP: 4/6
  1240 | D:2      | Learned a level 2 spell: Searing Ray
  1711 | D:3      | Found a glowing drain.
  1714 | D:3      | Reached XP level 4. HP: 27/27 MP: 4/7
  1765 | Sewer    | Entered a sewer
  1943 | Sewer    | Noticed Pargi
  1989 | Sewer    | Killed Pargi
  1990 | Sewer    | Reached skill level 5 in Conjurations
  1990 | Sewer    | Reached XP level 5. HP: 31/31 MP: 1/9
  2523 | D:3      | Reached XP level 6. HP: 36/36 MP: 2/10
  2537 | D:3      | Reached skill level 5 in Stealth
  2788 | D:3      | Learned a level 4 spell: Fulminant Prism
  2790 | D:3      | Learned a level 1 spell: Shock
  2818 | D:3      | Found a faded altar of an unknown god.
  2831 | D:3      | Prayed at the altar of an unknown god.
  2831 | D:3      | Became a worshipper of Makhleb the Destroyer
  2831 | D:3      | Reached * piety under Makhleb
  3260 | D:4      | Identified the +7 trident of the Tiger {spect, Int-5 Dex+5}
  3364 | D:4      | Reached skill level 6 in Conjurations
  3458 | D:4      | Found a glowing silver altar of Zin.
  3627 | D:4      | Noticed Eustachio
  3641 | D:4      | Slain by a shadow imp

Illustrated notes

Levels and vault maps discovered:
D:1:      ebering_trefoil_twist, layout_rooms
D:2:      layout_loops_cross
D:3:      layout_basic, portal_sewer_entry_c, serial_corexii_hall,
          chequers_hall_statues_wall_a, chequers_hall_statues_wall_a,
          nicolae_ecumenical_pavilion, minivault_11, minmay_unequal
D:4:      layout_gridville, mainiacjoe_overflow_six_doors_small, uniq_eustachio

Skill      XL: |  1  2  3  4  5  6 |
---------------+-------------------+-----
Stealth        | 3 4 5 |  5.2
Spellcasting   | 3 |  3.3
Conjurations   | 5 6 |  6.0
Dodging        | |  2.0
Hexes          | |  0.5

Action                     |  1- 3 |  4- 6 || total
---------------------------+-------+-------++-------
  Melee: Unarmed           |     8 |       ||     8
         Constrict         |     3 |     3 ||     6
         Punch             |     1 |       ||     1
         Mace              |     4 |       ||     4
         Tentacles         |     2 |     3 ||     5
         Scimitar          |     1 |    11 ||    12
   Cast: Magic Dart        |    70 |    64 ||   134
         Searing Ray       |     1 |     5 ||     6
         Shock             |       |     3 ||     3
    Use: Scroll            |       |     3 ||     3
         Potion            |       |     1 ||     1
 Armour: Skin              |     6 |    28 ||    34
  Dodge: Dodged            |     9 |    28 ||    37

Table legend: (Time is in decaauts)
 A = Elapsed time spent in this place.
 B = Non-inter-level travel time spent in this place.
 C = Inter-level travel time spent in this place.
 D = Time resting spent in this place.
 E = Time spent auto-exploring this place.
 F = Levels seen in this place.
 G = Mean time per level.
                   A        B        C        D        E       F      G
               +--------+--------+--------+--------+--------+-----+--------+
         Total |   3651 |   3583 |     68 |    303 |   2719 |   5 |  730.2 |
       Dungeon |   3332 |   3264 |     68 |    174 |   2653 |   4 |  833.0 |
         Sewer |    318 |    318 |      0 |    129 |     66 |   1 |  318.0 |
               +--------+--------+--------+--------+--------+-----+--------+

Top non-repeatable levels by time:
     D:3: 1010 daAuts
     D:2: 916 daAuts
     D:1: 738 daAuts
     D:4: 666 daAuts
   Sewer: 318 daAuts
